 Dungeon Crawl Stone Soup version 0.24.0-37-gcf1ca852f1 (webtiles) character file.

Game seed: 5558880703047606592, levelgen mode: deterministic

2951 H0rd4k the Thaumaturge (level 9, -10/47 HPs)
             Began as a Deep Elf Wizard on Nov 22, 2019.
             Killed from afar by a steam dragon (24 damage)
             ... with a ball of steam
             ... on level 7 of the Dungeon.
             The game lasted 00:16:15 (7428 turns).

H0rd4k the Thaumaturge (Deep Elf Wizard)            Turns: 7428, Time: 00:16:16

Health: -10/47     AC:  3    Str:  4    XL:     9   Next: 51%
Magic:  33/36      EV: 14    Int: 27    God:
Gold:   291        SH:  0    Dex: 13    Spells: 23/32 levels left

rFire    x . .     SeeInvis .   (no weapon)
rCold    + . .     Gourm    .   (no shield)
rNeg     . . .     Faith    +   a - +0 robe
rPois    .         Spirit   .   A - +1 hat {MR+}
rElec    .         Reflect  .   (no cloak)
rCorr    .         Harm     .   (no gloves)
MR       +....                  (no boots)
Stlth    +++.......             u - amulet of faith
HPRegen  0.15/turn              i - ring of ice
MPRegen  0.25/turn              o - ring of magical power

@: very slightly contaminated
A: no striking features
a: no special abilities


You were on level 7 of the Dungeon.
You were hungry.

You visited 1 branch of the dungeon, and saw 7 of its levels.

You collected 291 gold pieces.

Inventory:

Missiles
 n - 22 poisoned darts (quivered)
Armour
 a - a +0 robe (worn)
 b - a +0 hat
 A - a +1 hat of magic resistance (worn)
Jewellery
 i - a ring of ice (left hand)
 o - a ring of magical power (right hand)
 u - an amulet of faith (around neck)
Wands
 f - a wand of polymorph (5)
 y - a wand of iceblast (2)
 C - a wand of enslavement (5)
Scrolls
 c - 4 scrolls of enchant weapon {unknown}
 e - a scroll of random uselessness {unknown}
 g - a scroll of immolation {unknown}
 j - a scroll of blinking
 k - a scroll of fog {unknown}
 m - a scroll of amnesia {unknown}
 r - a scroll of fear {unknown}
 t - a scroll of noise {unknown}
 x - 3 scrolls of magic mapping {unknown}
 B - a scroll of remove curse
 E - 3 scrolls of brand weapon {unknown}
Potions
 h - 3 potions of brilliance
 l - a potion of might
 p - a potion of flight
 q - 10 potions of curing
 s - a potion of invisibility
 v - 2 potions of agility
 w - a potion of heal wounds
 z - a potion of lignification
Comestibles
 d - 8 rations


   Skills:
 + Level 1.2 Fighting
 + Level 4.2 Dodging
 + Level 4.0 Stealth
 + Level 12.4 Spellcasting
 + Level 8.7 Conjurations
   Level 1.1 Summonings
 + Level 1.5 Translocations
 + Level 2.4 Fire Magic
 + Level 0.1 Poison Magic
 + Level 0.8 Evocations


You had 23 spell levels left.
You knew the following spells:

 Your Spells              Type           Power        Failure   Level  Hunger
a - Magic Dart            Conj           ####         1%          1    None
b - Blink                 Tloc           N/A          2%          2    None
c - Conjure Flame         Conj/Fire      #####...     1%          3    None
d - Mephitic Cloud        Conj/Pois/Air  ####....     3%          3    None

Your spell library contained the following spells:

 Spells                   Type           Power        Failure   Level  Hunger
 Call Imp                 Summ           ###.....     3%          2    None
 Slow                     Hex            ###.....     4%          2    None


Dungeon Overview and Level Annotations

Branches:
Dungeon (7/15)             Temple (0/1) D:4

Altars:
Ashenzari
Cheibriados
Elyvilon
Fedhas
Gozag
Makhleb
Nemelex Xobeh
Yredelemnul

Shops:
D:7 *!*

Annotations:
D:1 exclusion: downstairs
D:2 exclusion: downstairs
D:3 exclusions: downstairs and upstairs
D:4 Edmund, Eustachio
D:5 exclusion: 2 downstairs
D:6 exclusion: 2 downstairs
D:7 Joseph


Message History

* * * LOW HITPOINT WARNING * * *
Casting: Magic Dart (safe; 1% risk of failure)
Confirm with . or Enter, or press ? or * to list all spells.
Aiming: Conjure Flame (safe; 1% risk of failure)
Press: ? - help, Dir - move target cursor The fire ignites!
The steam dragon is engulfed in blazing flames.
Okay, then.
Unknown command.
Blink to where?
Press: ? - help, Dir - move target cursor You are very lightly contaminated with residual magic.
As you read the scroll of blinking, it crumbles to dust.
There is an open door here.
You start resting.
The steam dragon is too close now for your liking.
The steam dragon breathes steam at you. The ball of steam hits you!!
The steam scalds you terribly!
Ouch! That really hurt!
You die...

....[..#.#..# #<#
.......#'#..# #.#
............# #.###
............# #∩.∩#
............# #[..#
............# #∩.∩#
.......#'#..# #.#.#
.#+#####p#..######...#
.# #.#..D.§§@..### ##
#.#.#########
#.#.#.......#
#.#.#.#####.#
#.#.#.#...#.#
#.#.#.#.#.#.#
#.#.#.#.#.#
#.#.#.#.#[#
#.#.#.#.#)#


There were no monsters in sight!

Vanquished Creatures
  Pikel (D:7)
  A hippogriff (D:7)
  A hungry ghost (D:7)
  An orc warrior (D:7)
  2 phantoms
  2 ice beasts (D:7)
  6 sky beasts
  2 ogres
  A centaur (D:6)
  3 bullfrogs
  A water moccasin skeleton (D:6)
  2 scorpions (D:6)
  A wight (D:7)
  A crimson imp (D:4)
  A hound (D:3)
  2 orc wizards (D:6)
  A centaur skeleton (D:6)
  3 jellies
  3 iguanas
  A killer bee zombie (D:5)
  A hound zombie (D:3)
  A worker ant zombie (D:6)
  A howler monkey zombie (D:6)
  8 gnolls
  12 adders
  2 shadow imps
  An adder zombie (D:6)
  2 worms
  10 leopard geckos
  14 orcs
  5 bats
  8 giant cockroaches
  5 goblins
  2 hobgoblins
  13 jackals
  2 quokkas
  2 ball pythons
  A frilled lizard (D:3)
  4 kobolds
  5 rats
135 creatures vanquished.

Vanquished Creatures (others)
  3 slaves (D:7)
3 creatures vanquished.

Grand Total: 138 creatures vanquished

Notes
Turn   | Place    | Note
-------+----------+-------------------------------------------
     0 | D:1      | H0rd4k the Deep Elf Wizard began the quest for the Orb.
     0 | D:1      | Reached XP level 1. HP: 10/10 MP: 7/7
   272 | D:1      | Reached XP level 2. HP: 15/15 MP: 6/9
   399 | D:1      | Reached skill level 5 in Spellcasting
   857 | D:2      | Reached XP level 3. HP: 19/19 MP: 3/12
   934 | D:2      | Learned a level 2 spell: Blink
   938 | D:2      | Learned a level 3 spell: Conjure Flame
   942 | D:2      | Learned a level 3 spell: Mephitic Cloud
  1248 | D:2      | Reached XP level 4. HP: 17/24 MP: 10/13
  1636 | D:2      | Reached skill level 6 in Spellcasting
  2052 | D:3      | Reached XP level 5. HP: 26/28 MP: 11/16
  2231 | D:3      | Reached skill level 7 in Spellcasting
  2280 | D:3      | Found a blossoming altar of Fedhas.
  2615 | D:4      | Noticed Edmund
  2648 | D:4      | Noticed an ogre
  2674 | D:4      | Noticed Eustachio
  2756 | D:4      | Found an opulent altar of Gozag.
  2862 | D:4      | Killed an ogre
  2862 | D:4      | Reached XP level 6. HP: 33/33 MP: 13/18
  2954 | D:4      | Found a staircase to the Ecumenical Temple.
  3194 | D:4      | Found a basalt altar of Yredelemnul.
  3194 | D:4      | Found a sparkling altar of Nemelex Xobeh.
  3195 | D:4      | Found a burning altar of Makhleb.
  3349 | D:4      | Reached skill level 8 in Spellcasting
  3467 | D:5      | Entered Level 5 of the Dungeon
  3632 | D:5      | Reached XP level 7. HP: 33/37 MP: 17/21
  4043 | D:5      | Found a snail-covered altar of Cheibriados.
  4298 | D:6      | Reached skill level 9 in Spellcasting
  4674 | D:5      | Reached skill level 5 in Conjurations
  5127 | D:6      | Found a white marble altar of Elyvilon.
  5262 | D:6      | Reached skill level 1 in Fire Magic
  5262 | D:6      | Reached XP level 8. HP: 42/42 MP: 19/23
  5543 | D:6      | Reached skill level 10 in Spellcasting
  5683 | D:6      | Found a shattered altar of Ashenzari.
  6148 | D:7      | Found Kotuifeu's Assorted Antiques.
  6170 | D:7      | Reached skill level 1 in Fighting
  6266 | D:7      | Reached skill level 11 in Spellcasting
  6410 | D:7      | Found Vesuuqee's Distillery.
  6436 | D:7      | Reached XP level 9. HP: 47/47 MP: 24/26
  6570 | D:7      | Found Tixasirr's Assorted Antiques.
  6838 | D:7      | Noticed Joseph
  7243 | D:7      | Noticed Pikel
  7243 | D:7      | Reached skill level 12 in Spellcasting
  7265 | D:7      | Killed Pikel
  7428 | D:7      | Killed from afar by a steam dragon

Levels and vault maps discovered:
D:1:      dpeg_arrival_boxorama, layout_loops_ring
D:2:      layout_basic, first_ration
D:3:      layout_loops_cross, lemuel_coloured_pillars_altar, serial_rivers,
          chequers_serial_rivers_micro_d, chequers_serial_rivers_large_a,
          chequers_serial_rivers_micro_e, chequers_serial_rivers_room_a,
          chequers_serial_rivers_micro_d, chequers_serial_rivers_marsh
D:4:      layout_loops_ring, nicolae_gozag_seed_capital,
          gammafunk_temple_overflow_claw, temple_doors_cd, chequers_avenue,
          st_stairs_13, uniq_edmund, uniq_eustachio
D:5:      layout_basic, basic_altar, chequers_garden
D:6:      layout_loops_ring, evilmike_ruin_ashenzari, lemuel_round_altar
D:7:      layout_basic, lemuel_round_altar, serial_shops, shop, shop,
          nicolae_shop_competitors_out_of_business, shop, shop, uniq_pikel,
          uniq_joseph

Skill      XL: |  1  2  3  4  5  6  7  8  9 |
---------------+----------------------------+-----
Spellcasting   | 5 6 7 8 9 11 12 | 12.4
Conjurations   | 2 3 4 5 7 8 |  8.7
Stealth        | 3 4 |  4.0
Dodging        | 3 4 |  4.2
Fire Magic     | 1 2 |  2.4
Fighting       | 1 |  1.2
Summonings     | |  1.1
Translocations | |  1.5
Poison Magic   | |  0.1
Evocations     | |  0.8

Action                   |  1- 3 |  4- 6 |  7- 9 || total
-------------------------+-------+-------+-------++-------
Melee: Unarmed           |       |     1 |       ||     1
 Cast: Magic Dart        |    90 |   167 |   324 ||   581
       Conjure Flame     |       |     3 |    24 ||    27
       Blink             |       |     1 |     3 ||     4
       Mephitic Cloud    |       |       |     2 ||     2
Evoke: Wand              |       |       |     5 ||     5
  Use: Scroll            |       |     2 |     9 ||    11
  Eat: Chunk             |       |     7 |     5 ||    12
       Ration            |       |       |     2 ||     2
Armor: Robe              |     7 |     5 |     7 ||    19
Dodge: Dodged            |    17 |    29 |    38 ||    84
